 Dungeon Crawl Stone Soup version 0.32-a0-391-gce5c0aab1b (webtiles) character file.

Game seed: 5548926702976288248

240 Goblin1989 the Sneak (level 6, -9/44 HPs)
             Began as a Coglin Brigand on Feb 19, 2024.
             Shot with an arrow by a centaur (13 damage)
             ... on level 4 of the Dungeon.
             The game lasted 00:06:33 (2348 turns).

Goblin1989 the Sneak (Coglin Brigand)               Turns: 2348, Time: 00:06:34

Health: -9/44      AC:  4    Str: 17    XL:     6   Next: 8%
Magic:  6/6        EV: 11    Int: 11    God:
Gold:   282        SH:  0    Dex: 17    Spells: 5/5 levels left

rFire   . . .        y - +2 dagger (chaos) {Ujjalroop}
rCold   . . .        r - +2 short sword (drain) {Ximena}
rNeg    . . .        b - +0 robe
rPois   .            w - +0 helmet
rElec   .            c - +0 cloak
rCorr   .            (no gloves)
SInv    .            (no boots)
Will    .....        (no amulet)
Stlth   +++          f - +6 ring of strength
HPRegen 0.27/turn    z - ring of wizardry
MPRegen 0.10/turn

%: wizardry (x1)
@: attractive, revving, stiff-legged, very slow
A: off-hand wielding, slow wielding, warmup strikes, warmup strides
a: no special abilities


You were on level 4 of the Dungeon.
You visited 1 branch of the dungeon, and saw 4 of its levels.

You collected 282 gold pieces.

Inventory:

Hand Weapons
 r - a +2 short sword of draining (worn) {Ximena}
 s - a +3 dagger {Heidi}
 y - a +2 dagger of chaos (weapon) {Ujjalroop}
Missiles
 d - 25 poisoned darts (quivered)
 e - 2 curare-tipped darts
Armour
 b - a +0 robe (worn)
 c - a +0 cloak (worn)
 w - a +0 helmet (worn)
Jewellery
 f - a +6 ring of strength (left grasper)
 z - a ring of wizardry (right grasper)
Scrolls
 g - a scroll of brand weapon {unknown}
 j - a scroll of teleportation {unknown}
 k - 2 scrolls of identify {unknown}
 l - a scroll of torment {unknown}
 t - a scroll of noise {unknown}
 v - a scroll of blinking {unknown}
 A - a scroll of silence {unknown}
Potions
 h - 2 potions of attraction
 i - 2 potions of curing {unknown}
 m - a potion of resistance {unknown}
 n - a potion of degeneration {unknown}
 o - 2 potions of magic {unknown}
 p - 2 potions of berserk rage {unknown}
 q - a potion of might {unknown}
 u - a potion of enlightenment {unknown}
 x - 2 potions of heal wounds {unknown}


   Skills:
 - Level 2.0 Fighting
 + Level 4.1 Short Blades
 - Level 1.7 Throwing
 - Level 0.8 Dodging
 + Level 5.0 Stealth


You had 5 spell levels left.
You didn't know any spells.
Your spell library contained the following spells:

 Spells                   Type           Power      Damage    Failure   Level
 Shock                    Conj/Air       0%         1d3       14%         1
 Swiftness                Air            0%         N/A       38%         3
 Airstrike                Air            0%         2d(0-16)  77%         4


Dungeon Overview and Level Annotations

Branches:
Dungeon (4/15) Zot: 21579
 Temple: D:4-7

Altars:
Makhleb
Xom

Annotations:
D:3 Grinder


Innate Abilities, Weirdness & Mutations

You can wield a second weapon in your off-hand.
It takes a long time for you to wield or remove held weapons.
Your first few attacks do less damage.
Your first movements take longer.


Message History

You hit the ufetubus with your +2 dagger of chaos.
You burn the ufetubus.
You kill the ufetubus!
No target in view!
No target in view!
No target in view!
No target in view!
No target in view!
No target in view!
No target in view!
No target in view!
No target in view!
No target in view!
No target in view!
No target in view!
No target in view!
No target in view!
No target in view!
HP restored.
You open the door.
Found 7 stones.
Health restored: 44
There is an open door here.
You open the door.
There is an open door here.
A ribbon worm comes into view.
A ribbon worm is nearby!
The ribbon worm expels a string of sticky webbing.
The stream of webbing hits you but does no damage.
You are caught in a web!
There is a web here.
The web tears apart.
A centaur comes into view.
The ribbon worm expels a string of sticky webbing.
The stream of webbing hits you but does no damage.
You are caught in a web!
There is a web here.
The web tears apart.
The ribbon worm closely misses you.
You hit the ribbon worm but do no damage.
You drain the ribbon worm.
The ribbon worm is moderately wounded.
You hit the ribbon worm but do no damage.
You barely miss the ribbon worm with your +2 dagger of chaos.
The ribbon worm is moderately wounded.
You barely miss the ribbon worm with your +2 short sword of draining.
The ribbon worm bites you.
You take 1 damage, and have 43/44 hp.
You hit the ribbon worm with your +2 dagger of chaos.
The ribbon worm is poisoned.
The ribbon worm is moderately wounded.
You hit the ribbon worm with your +2 short sword of draining.
The ribbon worm bites you.
You hit the ribbon worm with your +2 short sword of draining.
The ribbon worm is heavily wounded.
You hit the ribbon worm with your +2 dagger of chaos.
The ribbon worm is caught in a web!
You hit the ribbon worm with your +2 dagger of chaos.
You freeze the ribbon worm.
The ribbon worm is severely wounded.
You catch the helpless ribbon worm completely off-guard!
You puncture the ribbon worm with your +2 short sword of draining!
You kill the ribbon worm!
The centaur wields a +0 shortbow.
The centaur shoots an arrow.
The arrow barely misses you.
You hear a shout! 2 jackals come into view.
You hear a bark!
The jackal barks!
A jackal comes into view.
The centaur shoots an arrow.
The arrow hits you.
A centaur comes into view.
The centaur wields a +0 orcbow.
The centaur shoots an arrow.
The arrow closely misses you.
The jackal moves out of view.
You hit the jackal with your +2 short sword of draining.
You drain the jackal.
You kill the jackal!
The centaur shoots an arrow.
The arrow hits you!
The centaur shoots an arrow.
The arrow hits you.
You are too injured to fight recklessly!
You are too injured to fight recklessly!
You are too injured to fight recklessly!
You are too injured to fight recklessly!
You take 21 damage, and have 22/44 hp.
MASSIVE DAMAGE!!
You are too injured to fight recklessly!
There are monsters nearby!
There are monsters nearby!
The centaur shoots an arrow.
The arrow hits you!
* * * LOW HITPOINT WARNING * * *
The centaur shoots an arrow.
The arrow closely misses you.
The centaur shoots an arrow.
The arrow hits you!
* * * LOW HITPOINT WARNING * * *
The centaur shoots an arrow.
The arrow misses you. The jackal barely misses you.
The centaur shoots an arrow.
The arrow barely misses you.
You take 18 damage, and have 4/44 hp.
MASSIVE DAMAGE!!
It was a potion of attraction.
You feel attractive to monsters. The jackal bites you.
* * * LOW HITPOINT WARNING * * *
The centaur shoots an arrow.
The arrow hits you!
You die...

█ .█ █.██ ..██.███
█.█.█ ..█...█ ....
...█.█ █..█
█.█.██████ .. █c.
██...█...(█
....██c██....█....█
.....h†......∆....█
.....█.h@...███...█
...
███▲███████∆████ .
█.......█ ▲.......█
█.......▲ █.......█
█.....<.█ ██...████


██▲██ You could see 2 centaurs and 2 jackals.

Vanquished Creatures
  A crimson imp (D:3)
  Terence (D:2)
  3 gnolls (D:2)
  An adder (D:2)
  2 ufetubi (D:4)
  2 dart slugs
  5 ribbon worms
  3 orcs (D:3)
  5 ball pythons
  3 bats
  2 endoplasms
  A giant cockroach (D:3)
  8 goblins
  8 hobgoblins
  5 jackals
  6 kobolds
  5 quokkas
  A frilled lizard (D:1)
  4 rats
66 creatures vanquished.

Notes
Turn   | Place    | Note
-------+----------+-------------------------------------------
     0 | D:1      | Goblin1989 the Coglin Brigand began the quest for the Orb.
     0 | D:1      | Reached XP level 1. HP: 16/16 MP: 1/1
   142 | D:1      | You fall into a shaft and drop 1 floor!
   150 | D:2      | Reached XP level 2. HP: 22/22 MP: 2/2
   322 | D:2      | Reached XP level 3. HP: 23/27 MP: 3/3
   568 | D:1      | Reached skill level 4 in Stealth
   734 | D:1      | Reached XP level 4. HP: 33/33 MP: 4/4
  1498 | D:3      | Noticed Terence
  1531 | D:2      | Killed Terence
  1532 | D:2      | Reached XP level 5. HP: 20/38 MP: 5/5
  1881 | D:3      | Noticed Grinder
  1918 | D:3      | Found a burning altar of Makhleb.
  1918 | D:3      | Found a shimmering altar of Xom.
  2266 | D:4      | Reached skill level 5 in Stealth
  2266 | D:4      | Reached XP level 6. HP: 38/44 MP: 6/6
  2348 | D:4      | Shot with an arrow by a centaur

Illustrated notes

Levels and vault maps discovered:
D:1:      psy_arrival_dodecagon, layout_loops_ring
D:2:      layout_basic
D:3:      layout_basic, grunt_temple_overflow_champion_of_chaos, uniq_grinder,
          uniq_terence
D:4:      corexii_shack_village, layout_gridville, minmay_manual_mares

Skill      XL: |  1  2  3  4  5 |
---------------+----------------+-----
Short Blades   | 2 3 4 |  4.1
Stealth        | 4 5 |  5.0
Fighting       | |  2.0
Throwing       | |  1.7
Dodging        | |  0.8

Action                     |  1- 3 |  4- 6 || total
---------------------------+-------+-------++-------
  Melee: Dagger            |    59 |    77 ||   136
         Short sword       |    16 |    82 ||    98
  Throw: Dart              |     1 |       ||     1
    Use: Potion            |       |     1 ||     1
   Stab: Sleeping          |     6 |     6 ||    12
         Held in net/web   |       |     1 ||     1
 Armour: Robe              |    28 |    53 ||    81
  Dodge: Dodged            |    22 |    60 ||    82

Table legend: (Time is in decaauts)
 A = Elapsed time spent in this place.
 B = Non-inter-level travel time spent in this place.
 C = Inter-level travel time spent in this place.
 D = Time resting spent in this place.
 E = Time spent auto-exploring this place.
 F = Levels seen in this place.
 G = Mean time per level.
                   A        B        C        D        E       F      G
               +--------+--------+--------+--------+--------+-----+--------+
         Total |   2419 |   2332 |     87 |    134 |   1537 |   4 |  604.8 |
       Dungeon |   2419 |   2332 |     87 |    134 |   1537 |   4 |  604.8 |
               +--------+--------+--------+--------+--------+-----+--------+

Top non-repeatable levels by time:
     D:2: 889 daAuts
     D:1: 786 daAuts
     D:3: 653 daAuts
     D:4: 89 daAuts
